 Dungeon Crawl Stone Soup version 0.18-a0-1323-g706dcef (webtiles) character file.

25 GrosslyIncandescent the Insei (level 2, -3/24 HPs)
             Began as a Mummy Monk on Feb 15, 2016.
             Killed from afar by Ijyb (12 damage)
             ... with a wand of flame
             ... on level 2 of the Dungeon.
             The game lasted 00:00:57 (836 turns).

GrosslyIncandescent the Insei (Mummy Monk)           Turns: 836, Time: 00:00:57

Health: -3/24      AC:  1    Str: 14    XL:     2   Next: 82%
Magic:  2/2        EV: 13    Int:  9    God:
Gold:   52         SH:  0    Dex: 14    Spells: 0 memorised, 1 level left

rFire  x . .     SeeInvis .       - Unarmed
rCold  + . .     Gourm    .     (no armour)
rNeg   + + +     Faith    .     (no shield)
rPois  ∞         Spirit   .     (no helmet)
rElec  .         Dismiss  .     (no cloak)
rCorr  .         Reflect  .     (no gloves)
SustAt .         Harm     .     f - +0 pair of boots
MR     .....                    (no amulet)
Stlth  ++........               (no ring)
                                (no ring)

@: not resistant to hostile enchantments, unstealthy
A: no food or potions, fire vulnerability, cold resistance 1, negative energy
resistance 3, torment resistance, unbreathing
a: no special abilities


You were on level 2 of the Dungeon.
You were not hungry.

You visited 1 branch of the dungeon, and saw 2 of its levels.

You collected 52 gold pieces.


Innate Abilities, Weirdness & Mutations

You do not eat or drink.
Your flesh is vulnerable to fire.
You are immune to poison.
Your flesh is cold resistant.
You are immune to negative energy.
You are immune to unholy pain and torment.
You can survive without breathing.


   Skills:
 - Level 3.0 Fighting
 - Level 2.4 Dodging
 - Level 1.5 Stealth
 + Level 4.0 Unarmed Combat


You had one spell level left.
You didn't know any spells.

Inventory:

Hand Weapons
 c - a +1 dagger of flaming (quivered) {ward against fire}
Armour
 f - a +0 pair of boots (worn)
Scrolls
 a - a scroll of enchant weapon {unknown}
 b - a scroll of blinking {unknown}
 d - a scroll of magic mapping {unknown}
 e - 2 scrolls of identify {unknown}
 g - a scroll of recharging {unknown}

Dungeon Overview and Level Annotations

Branches:
Dungeon (2/15)

Altars:

Annotations:
D:2 Ijyb

▒8.....8▒...▒▒▒.▒▒▒▒ ▒.
▒.......▒▒▒▒▒ ▒.▒ ▒.
▒8..)..8▒ ▒.▒ ▒. ▒...(...▒
▒▒'▒▒ ▒. ▒.▒8.....8▒ ▒▒...▒▒
▒▒ ▒.▒....gg.▒ ▒▒.....▒▒ ▒
▒.........▒ ▒▒.......▒▒ ▒▒
▒.......g▒▒▒▒.........▒▒▒▒.
........gg†@.'..(......'....
▒▒▒▒▒▒....▒▒▒▒..!......▒▒▒▒.
▒▒..▒▒ ▒▒.......▒▒ ▒▒ ▒.▒▒
▒▒.....▒▒ ▒ ▒.▒ ▒▒...▒▒ ▒.▒
▒▒+▒▒ ▒.▒ ▒.▒ ▒.▒


You could see Ijyb and 2 goblins.


Message History

The goblin shouts!
Found 21 poisoned needles and a robe.
The goblin shouts!
Ijyb shouts!
The goblin shouts!
You hit the goblin.
The goblin is severely wounded.
The goblin closely misses you.
You hit the goblin.
You kill the goblin!
The goblin unwields an uncursed dagger.
The goblin wields a hunting sling.
The goblin shoots a stone.
The stone hits you. The goblin misses you.
You hit the goblin.
The goblin is severely wounded.
The goblin closely misses you. x2
You barely miss the goblin.
The goblin is severely wounded.
The goblin hits you with a dagger.
The goblin shoots a stone.
The stone hits you. The goblin barely misses you.
Unknown command.
The goblin hits you. The goblin hits you.
* * * LOW HITPOINT WARNING * * *
You barely miss the goblin. The goblin misses you.
You closely miss the goblin. You hit the goblin.
You kill the goblin!
The goblin shoots a stone.
The stone misses you.
Ijyb zaps a wand.
The puff of flame hits you! The fire burns you terribly!
Ouch! That really hurt!
You die...

Action                   || total
-------------------------++-------
Melee: Unarmed           ||    68
 Stab: Sleeping          ||     2

Vault maps used:
D:1:      minmay_arrival_split_and_join
D:2:      kennysheep_the_goblin_king, grunt_temple_overflow_holy_war,
          overflow_temple_1_default

Notes
Turn   | Place    | Note
--------------------------------------------------------------
     0 | D:1      | GrosslyIncandescent the Mummy Monk began the quest for the Orb.
     0 | D:1      | Reached XP level 1. HP: 18/18 MP: 1/1
   249 | D:1      | Reached XP level 2. HP: 12/24 MP: 2/2
   768 | D:2      | Reached skill level 4 in Unarmed Combat
   822 | D:2      | Noticed Ijyb
   836 | D:2      | Killed from afar by Ijyb

Vanquished Creatures
  2 giant geckos (D:1)
  6 goblins
  2 hobgoblins (D:1)
  2 jackals (D:1)
  2 kobolds
  4 bats
  2 giant newts (D:1)
  2 rats (D:1)
22 creatures vanquished.

Vanquished Creatures (others)
  A jackal (D:2)
1 creature vanquished.

Grand Total: 23 creatures vanquished
